 Dungeon Crawl Stone Soup version 0.32-a0-913-g739538afd8 (webtiles) character file.

Game seed: 1504614529301865718

185 Heh the Slasher (level 5, -3/38 HPs)
             Began as a Coglin Warper on Apr 7, 2024.
             Was a Follower of Beogh.
             Slain by an iguana (6 damage)
             ... on level 3 of the Dungeon.
             The game lasted 00:04:14 (2417 turns).

Heh the Slasher (Coglin Warper)                     Turns: 2417, Time: 00:04:15

Health: -3/38      AC:  7    Str: 11    XL:     5   Next: 64%
Magic:  7/7        EV: 18    Int: 12    God:    Beogh [*.....]
Gold:   69         SH:  0    Dex: 16    Spells: 3/7 levels left

rFire   + + .        a - melded +0 falchion {Mishil}
rCold   + + .        f - melded +0 short sword {Niklaus}
rNeg    + + +        i - melded +0 ring mail
rPois   ∞            (helmet currently unavailable)
rElec   +            (cloak currently unavailable)
rCorr   +            (gloves currently unavailable)
SInv    .            o - melded +0 pair of boots
Will    .....        (amulet unavailable)
Stlth   +            (ring unavailable)
HPRegen 0.26/turn    (ring unavailable)
MPRegen 0.10/turn    (no gizmo)

%: no passive effects
@: wisp-form (expiring), flying
A: insubstantial, flying, no casting, tiny, (off-hand wielding), (slow
wielding), (warmup strikes), no jewellery
a: Invent Gizmo, Renounce Religion


You were on level 3 of the Dungeon.
You worshipped Beogh.
Beogh was aware of your devotion.
You were an insubstantial wisp.
You visited 1 branch of the dungeon, and saw 3 of its levels.

You collected 69 gold pieces.

Inventory:

Hand Weapons
 a - a +0 falchion (melded) {Mishil}
 e - a +0 dagger {Somchai}
 f - a +0 short sword (melded) {Niklaus}
Missiles
 d - 5 darts of dispersal (quivered)
 w - 5 silver javelins
Armour
 b - a +0 leather armour
 i - a +0 ring mail (melded)
 o - a +0 pair of boots (melded)
Wands
 u - a wand of light (6)
Scrolls
 c - a scroll of blinking
 g - a scroll of enchant weapon {unknown}
 h - a scroll of fog {unknown}
 j - 2 scrolls of identify {unknown}
 l - a scroll of torment {unknown}
 p - a scroll of poison {unknown}
 r - a scroll of summoning {unknown}
 s - a scroll of acquirement {unknown}
 x - a scroll of amnesia {unknown}
Potions
 k - 3 potions of curing {unknown}
 m - a potion of invisibility {unknown}
 n - a potion of brilliance {unknown}
 q - 3 potions of lignification {unknown}
 t - 2 potions of might {unknown}
 v - a potion of enlightenment {unknown}
 z - a potion of degeneration {unknown}


   Skills:
 - Level 2.0 Fighting
 + Level 5.7 Long Blades
 - Level 0.8 Throwing
 - Level 0.8 Armour
 - Level 1.7 Dodging
 - Level 1.7 Spellcasting
 - Level 3.0 Translocations


You had 3 spell levels left.
You knew the following spells:

 Your Spells              Type           Power      Damage    Failure   Level
a - Blink                 Tloc           16%        N/A       12%         2
b - Momentum Strike       Conj/Tloc      8%         3d8       22%         2

Your spell library contained the following spells:

 Spells                   Type           Power      Damage    Failure   Level
 Apportation              Tloc           16%        N/A       9%          1
 Lesser Beckoning         Tloc           16%        N/A       12%         2
 Maxwell's Portable Pile  Tloc           8%         2d(6-16)  24%         3
 Teleport Other           Tloc           8%         N/A       24%         3
 Necrotise                Necr           4%         1d4       28%         1
 Sandblast                Erth           2%         2d4       28%         1
 Sting                    Conj/Alch      4%         1d3       28%         1
 Summon Small Mammal      Summ           4%         N/A       28%         1
 Stone Arrow              Conj/Erth      2%         3d7       63%         3
 Vhi's Electric Charge    Tloc/Air       8%         N/A       83%         4
 Brom's Barrelling Bould  Conj/Erth      1%         2d3       95%         4


Dungeon Overview and Level Annotations

Branches:
Dungeon (3/15)

Altars:


Innate Abilities, Weirdness & Mutations

You are an insubstantial wisp.
Your tiny insubstantial body is highly resistant to most damage types.
You are flying.
Your equipment is entirely melded.
You are incapable of wielding weapons or throwing items.
You cannot cast spells.
((You can wield a second weapon in your off-hand.))
((It takes a long time for you to wield or remove held weapons.))
((Your first few attacks do less damage.))
You cannot equip rings or amulets.


Message History

You touch the iguana.
The iguana is moderately wounded.
The iguana completely misses you.
You touch the iguana.
The iguana is heavily wounded.
The iguana bites you but does no damage.
You touch the iguana but do no damage.
The iguana is heavily wounded.
The iguana bites you!
You barely miss the iguana.
The iguana is heavily wounded.
Your transformation is almost over.
The iguana bites you!
You are too injured to fight recklessly!
You are too injured to fight recklessly!
Unknown command.
You are too injured to fight recklessly!
You are too injured to fight recklessly!
You are too injured to fight recklessly!
You are too injured to fight recklessly!
You touch the iguana but do no damage.
The iguana is heavily wounded.
The iguana bites you.
You touch the iguana but do no damage.
The iguana is heavily wounded.
The iguana misses you.
You touch the iguana.
The iguana is heavily wounded.
The iguana closely misses you.
You touch the iguana but do no damage.
The iguana is heavily wounded.
The iguana completely misses you.
You touch the iguana but do no damage.
The iguana is heavily wounded.
The iguana bites you!
* * * LOW HITPOINT WARNING * * *
You touch the iguana but do no damage.
The iguana is heavily wounded.
The iguana bites you.
You die...

#.# #####.###
#...†....... #.# #### #
#.####..####
...######...#... #.#
#...# # .......#........
#.# #.### # #.........)
#.# #.# # # #
#l#........ #####.#
#.#.#### .. #g##...#...
#.....# #.#P.#..
...###.#
############..###.#.P#..
.P.#.#K#
#.lv.†........#..###
#...#
##.######......#.##..
###.# ##...## #......#
###. ####...#####(....#
#####..# #.
.....#...........# ####
## ############.....#
##...## #####


You could see an iguana.

Vanquished Creatures
  An orc priest (D:3)
  Ijyb (D:3)
  2 adders
  3 gnolls (D:3)
  2 ribbon worms (D:2)
  8 orcs
  3 bats
  5 endoplasms
  4 giant cockroaches
  6 goblins
  5 hobgoblins
  6 jackals
  3 quokkas
  6 ball pythons
  3 frilled lizards
  6 kobolds
  3 rats
67 creatures vanquished.

Notes
Turn   | Place    | Note
-------+----------+-------------------------------------------
     0 | D:1      | Heh the Coglin Warper began the quest for the Orb.
     0 | D:1      | Reached XP level 1. HP: 16/16 MP: 3/3
   276 | D:1      | Reached XP level 2. HP: 20/22 MP: 4/4
   455 | D:1      | Reached skill level 3 in Long Blades
  1134 | D:1      | Found a faded altar of an unknown god.
  1245 | D:2      | Reached XP level 3. HP: 27/27 MP: 5/5
  1262 | D:2      | Learned a level 2 spell: Blink
  1265 | D:2      | Learned a level 2 spell: Momentum Strike
  1323 | D:2      | Became a worshipper of Beogh the Shepherd
  1421 | D:2      | Reached skill level 4 in Long Blades
  1620 | D:2      | Reached XP level 4. HP: 25/33 MP: 6/6
  1848 | D:3      | Reached * piety under Beogh
  1857 | D:3      | Reached skill level 5 in Long Blades
  1859 | D:3      | Reached XP level 5. HP: 10/38 MP: 7/7
  2354 | D:3      | Noticed Ijyb
  2406 | D:3      | Killed Ijyb
  2417 | D:3      | Slain by an iguana

Illustrated notes

Levels and vault maps discovered:
D:1:      evilmike_arrival_plus, layout_loops_corners,
          shapermc_ecumenical_altar_petra, columned_hall_lemuel,
          minmay_misc_feat_pillars
D:2:      layout_rooms, minmay_hexomino_f4
D:3:      layout_loops_ring, marbit_many_paths, serial_aquarium,
          aquarium_bridge_straight [aquarium_subvault_bridge,
          aquarium_subvault_window, aquarium_subvault_bridge,
          aquarium_subvault_wall], aquarium_bridge_long_joined
          [aquarium_subvault_window, aquarium_subvault_window,
          aquarium_subvault_bridge, aquarium_subvault_bridge,
          aquarium_subvault_bridge, aquarium_subvault_wall], aquarium_window_1,
          aquarium_window_corridor_1, aquarium_window_1, aquarium_view_4,
          aquarium_balcony_3a, aquarium_pool_five, uniq_ijyb

Skill      XL: |  1  2  3  4 |
---------------+-------------+-----
Long Blades    | 3 4 5 |  5.7
Fighting       | |  2.0
Throwing       | |  0.8
Armour         | |  0.8
Dodging        | |  1.7
Spellcasting   | |  1.7
Translocations | |  3.0

Action                     |  1- 3 |  4- 6 || total
---------------------------+-------+-------++-------
  Melee: Falchion          |    91 |    75 ||   166
         Short sword       |    80 |    72 ||   152
         Dagger            |     3 |       ||     3
         Unarmed           |       |    23 ||    23
  Throw: Dart              |       |     2 ||     2
         Javelin           |       |     1 ||     1
 Invoke: Convert to Beogh  |     1 |       ||     1
 Armour: Leather armour    |     8 |       ||     8
         Ring mail         |    40 |    52 ||    92
         Skin              |       |     9 ||     9
  Dodge: Dodged            |    47 |    54 ||   101

Table legend: (Time is in decaauts)
 A = Elapsed time spent in this place.
 B = Non-inter-level travel time spent in this place.
 C = Inter-level travel time spent in this place.
 D = Time resting spent in this place.
 E = Time spent auto-exploring this place.
 F = Levels seen in this place.
 G = Mean time per level.
                   A        B        C        D        E       F      G
               +--------+--------+--------+--------+--------+-----+--------+
         Total |   2407 |   2288 |    119 |      0 |   1808 |   3 |  802.3 |
       Dungeon |   2407 |   2288 |    119 |      0 |   1808 |   3 |  802.3 |
               +--------+--------+--------+--------+--------+-----+--------+

Top non-repeatable levels by time:
     D:1: 1198 daAuts
     D:3: 708 daAuts
     D:2: 500 daAuts
